 Dungeon Crawl Stone Soup version 0.29-a0-789-g7a8fcbc185 (webtiles) character file.

Game seed: 11572247538133885528

107 zeratav the Shooter (level 4, -4/22 HPs)
             Began as a Spriggan Hunter on July 3, 2022.
             Killed by divine providence
             ... invoked by an orc priest
              (9 damage)
             ... on level 2 of the Dungeon.
             The game lasted 00:02:41 (2103 turns).

zeratav the Shooter (Spriggan Hunter)               Turns: 2103, Time: 00:02:42

Health: -4/22      AC:  2    Str:  7    XL:     4   Next: 56%
Magic:  5/5        EV: 22    Int: 10    God:
Gold:   138        SH:  0    Dex: 20    Spells: 3/3 levels left

rFire   . . .      SeeInvis +   a - +0 shortbow {bow}
rCold   . . .      Faith    .   (shield currently unavailable)
rNeg    . . .      Spirit   .   c - +0 robe
rPois   .          Reflect  .   (helmet restricted)
rElec   .          Harm     .   (no cloak)
rCorr   .          Rampage  .   (gloves unavailable)
Will    .....                   (boots unavailable)
Stlth   ++........              (no amulet)
HPRegen 0.07/turn               l - +4 ring of evasion
MPRegen 0.09/turn               (no ring)

@: very quick
A: very small, no large weapons, unfitting armour, see invisible, speed 3
a: no special abilities


You were on level 2 of the Dungeon.
You visited 1 branch of the dungeon, and saw 3 of its levels.

You collected 138 gold pieces.


Innate Abilities, Weirdness & Mutations

You are very small and have problems with some larger weapons.
You are too small for most types of armour.
You have supernaturally acute eyesight. (SInv)
You cover ground extremely quickly. (Speed+++)


   Skills:
 - Level 1.5 Fighting
 + Level 7.3 Ranged Weapons
 - Level 2.6 Dodging
 - Level 1.5 Stealth


You had 3 spell levels left.
You didn't know any spells.
Your spell library contained the following spells:

 Spells                   Type           Power      Damage    Failure   Level
 Magic Dart               Conj           0%         1d3       36%         1
 Summon Small Mammal      Summ           0%         N/A       36%         1
 Call Imp                 Summ           0%         N/A       50%         2
 Call Canine Familiar     Summ           0%         N/A       75%         3
 Mephitic Cloud           Conj/Pois/Air  0%         N/A       75%         3
 Summon Guardian Golem    Hex/Summ       0%         N/A       75%         3

Inventory:

Hand Weapons
 a - a +0 shortbow (weapon) {bow}
Armour
 c - a +0 robe (worn)
Jewellery
 l - a +4 ring of evasion (left hand)
   (You found it on level 2 of the Dungeon)
Scrolls
 b - a scroll of immolation {!r!r}
 d - 3 scrolls of identify {unknown}
 e - a scroll of fear {unknown}
 g - a scroll of brand weapon {unknown}
 h - 4 scrolls of amnesia {unknown}
Potions
 f - a potion of degeneration {unknown}
 i - a potion of haste {unknown}
 j - a potion of mutation {unknown}
 k - 2 potions of heal wounds {unknown}
 m - a potion of ambrosia {unknown}

Dungeon Overview and Level Annotations

Branches:
Dungeon (3/15) Zot: 16443

Altars:

#.# #..#.....# #.# ## #.#
##...##### #.# # #.# ##.##
#.# # #.# #.# #########.#
# #.# #.# #)........# #
#.# #####.# #.######### #
#.# #.....#### #.# #######
#.#
#.##.....###.#######......
#.#
#.##.###.@>o............##
#.# #.##.#
#####.#######.##.# #.#
#.##.# #.# #.##.# ##.#
#)##.# #.# #.##.# ...#
#.##.# #.# #.##.# .###
#.##.#######.## #.##.# .#
#...........(.# #.##.# .#
#......#####..# #....#
.#######......#####..#
#.####


You could see an orc priest.


Message History

The orc priest calls down the wrath of Beogh upon you.
Beogh smites you!
Ouch! That really hurt!
* * * LOW HITPOINT WARNING * * *
The jackal closely misses you.
HP[-14]
You take 14 damage, and now have 5/22 hp.
MASSIVE DAMAGE!! (PAUSE)
The orc priest miscasts a cantrip.
The jackal closely misses you. The ball python closely misses you.
The ball python completely misses you.
HP[+1]
There is a stone staircase leading up here.
You climb upwards.
There is a stone staircase leading down here.
You start resting.
HP[+16]
Your hp is fully restored (22).
You see here a +0 robe.
There is a stone staircase leading down here.
You see here 3 stones {throwing}.
There is a stone staircase leading down here.
You climb downwards.
There is a stone staircase leading up here.
Things that are here:
5 stones {throwing}; a +0 whip {mace} You shoot an arrow.
The arrow hits the orc.
You kill the orc!
No target in view!
No target in view!
No target in view!
No target in view!
You shoot an arrow. The orc shouts!
The arrow hits the jackal.
You shoot an arrow. The arrow hits the jackal.
You kill the jackal!
You shoot an arrow. The arrow hits the orc.
You shoot an arrow. The arrow hits the orc.
You kill the orc!
A giant cockroach comes into view.
You shoot an arrow. The arrow closely misses the orc.
You shoot an arrow. The arrow hits the orc.
You shoot an arrow. The arrow hits the orc.
You kill the orc!
You shoot an arrow. The arrow hits the giant cockroach.
You shoot an arrow.
The arrow closely misses the giant cockroach.
You shoot an arrow. The arrow hits the giant cockroach!
You kill the giant cockroach!
You shoot an arrow. The arrow barely misses the orc.
The jackal misses you. The orc barely misses you.
The jackal bites you but does no damage.
You shoot an arrow. The arrow closely misses the orc.
The orc hits you with a +0 short sword. The jackal bites you.
HP[-4]
You take 4 damage, and now have 18/22 hp.
HP[+1]
You shoot an arrow. The arrow hits the jackal.
You shoot an arrow. The arrow barely misses the jackal.
The arrow closely misses the orc.
The jackal completely misses you. x2
You shoot an arrow. The arrow hits the jackal!
You kill the jackal!
You shoot an arrow. The arrow closely misses the orc.
The orc barely misses you.
You shoot an arrow. The arrow barely misses the orc.
The orc hits you with a +0 short sword.
HP[-5]
You take 5 damage, and now have 14/22 hp.
MASSIVE DAMAGE!! (PAUSE)
You shoot an arrow. The arrow closely misses the orc.
The orc completely misses you.
You shoot an arrow. The arrow barely misses the orc.
The orc priest shouts!
The arrow hits the orc priest!
The orc barely misses you.
You shoot an arrow. The arrow hits the orc.
The orc completely misses you.
You shoot an arrow. The arrow hits the orc.
You kill the orc!
The orc priest invokes the aid of Beogh against you.
Beogh smites you!
* * * LOW HITPOINT WARNING * * *
You hear an angry hiss.
HP[-10]
You take 10 damage, and now have 4/22 hp.
MASSIVE DAMAGE!! (PAUSE)
You are too injured to fight recklessly!
You are too injured to fight recklessly!
HP[+1]
There is a stone staircase leading up here.
The orc priest misses you.
You climb upwards.
There is a stone staircase leading down here.
Fire: a) +0 shortbow {bow}
Press: ? - help, Q - select action Shift-Dir - straight line, f - orc priest
Aim: an orc priest, wielding a +0 mace (heavily wounded)
You shoot an arrow. The arrow barely misses the orc priest.
The orc priest completely misses you.
The orc priest calls down the wrath of Beogh upon you.
Beogh smites you!
You die...

Skill      XL: |  1  2  3  4 |
---------------+-------------+-----
Ranged Weapons | 5 6 7 |  7.3
Fighting       | |  1.5
Dodging        | |  2.6
Stealth        | |  1.5

Action                   |  1- 3 |  4- 6 || total
-------------------------+-------+-------++-------
 Fire: Shortbow          |    66 |    67 ||   133
  Use: Potion            |     1 |       ||     1
Armor: Robe              |     1 |     3 ||     4
Dodge: Dodged            |     6 |    28 ||    34

Levels and vault maps discovered:
D:1:      dpeg_arrival_solitude, layout_loops_ring, corexii_corridor_pit
D:2:      layout_loops_ring
D:3:      layout_basic, serial_shops, nicolae_square_shop,
          chequers_ecumenical_altar_simple

Notes
Turn   | Place    | Note
-------+----------+-------------------------------------------
     0 | D:1      | zeratav the Spriggan Hunter began the quest for the Orb.
     0 | D:1      | Reached XP level 1. HP: 10/10 MP: 2/2
     0 | D:1      | magus.rc [v1.9.6]
    64 | D:1      | Reached skill level 5 in Ranged Weapons
   186 | D:1      | Reached XP level 2. HP: 14/14 MP: 3/3
   309 | D:1      | You pick up a book of Callings and begin reading...
   309 | D:1      | You add the spells Summon Small Mammal, Call Canine
                  | Familiar and Summon Guardian Golem to your library.
   415 | D:1      | Reached skill level 6 in Ranged Weapons
   450 | D:1      | Reached XP level 3. HP: 18/18 MP: 4/4
   898 | D:2      | Reached XP level 4. HP: 22/22 MP: 5/5
   924 | D:2      | You pick up a book of Minor Magic and begin reading...
   924 | D:2      | You add the spells Magic Dart, Call Imp and Mephitic Cloud
                  | to your library.
  1116 | D:2      | Reached skill level 7 in Ranged Weapons
  1731 | D:3      | HP: 5/22 [orc priest/divine providence (14)]
  2096 | D:3      | HP: 4/22 [orc priest/divine providence (10)]
  2103 | D:2      | Killed from afar by an orc priest

Vanquished Creatures
  An iguana (D:2)
  A worm (D:2)
  4 dart slugs
  4 orcs (D:3)
  5 endoplasms
  2 giant cockroaches
  9 hobgoblins
  6 jackals
  5 kobolds
  3 quokkas
  7 ball pythons
  2 bats
  4 frilled lizards
  4 goblins
  4 rats
61 creatures vanquished.

Table legend:
 A = Non-vault XP
 B = Vault XP
 C = Vault XP percentage of total XP
 D = Non-vault monster count
 E = Vault monster count
 F = Vault count percentage of total count
                 A         B        C        D         E       F
            +---------+---------+-------+---------+---------+-------
      Total |     153 |       0 |   0.0 |      61 |       0 |   0.0
            +---------+---------+-------+---------+---------+-------
        D:1 |      48 |       0 |   0.0 |      28 |       0 |   0.0
        D:2 |      81 |       0 |   0.0 |      23 |       0 |   0.0
        D:3 |      24 |       0 |   0.0 |      10 |       0 |   0.0
            +---------+---------+-------+---------+---------+-------

Illustrated notes

Table legend:
 A = Kills in this place as a percentage of kills in entire the game.
 B = Kills by you in this place as a percentage of kills by you in the entire game.
 C = Kills by friends in this place as a percentage of kills by friends in the entire game.
 D = Other kills in this place as a percentage of other kills in the entire game.
 E = Experience gained in this place as a percentage of experience gained in the entire game.
 F = Experience gained in this place divided by the number of levels of this place that you have seen.
                   A       B       C       D       E      F
               +-------+-------+-------+-------+-------+----------------------
         Total | 100.0 | 100.0 |   N/A |   N/A | 100.0 |  51.0
       Dungeon | 100.0 | 100.0 |   N/A |   N/A | 100.0 |  51.0
               +-------+-------+-------+-------+-------+----------------------

Table legend: (Time is in decaauts)
 A = Elapsed time spent in this place.
 B = Non-inter-level travel time spent in this place.
 C = Inter-level travel time spent in this place.
 D = Time resting spent in this place.
 E = Time spent auto-exploring this place.
 F = Levels seen in this place.
 G = Mean time per level.
                   A        B        C        D        E       F      G
               +--------+--------+--------+--------+--------+-----+--------+
         Total |   1556 |   1489 |     67 |    428 |    775 |   3 |  518.7 |
       Dungeon |   1556 |   1489 |     67 |    428 |    775 |   3 |  518.7 |
               +--------+--------+--------+--------+--------+-----+--------+

Top non-repeatable levels by time:
     D:2: 917 daAuts
     D:1: 433 daAuts
     D:3: 205 daAuts
